 Dungeon Crawl Stone Soup version 0.31-a0-187-gba352fbbf7 (webtiles) character file.

Game seed: 7555788588868737327

965 qw the Skirmisher (level 7, -1/40 HPs)
             Began as a Deep Elf Hunter on June 22, 2023.
             Slain by an orc wizard
             ... wielding a +0 dagger
              (4 damage)
             ... on level 6 of the Dungeon.
             The game lasted 00:02:08 (4432 turns).

qw the Skirmisher (Deep Elf Hunter)                 Turns: 4432, Time: 00:02:08

Health: -1/40      AC:  9    Str: 10    XL:     7   Next: 93%
Magic:  9/9        EV: 11    Int: 14    God:
Gold:   256        SH:  0    Dex: 18    Spells: 6/6 levels left

rFire   . . .        Y - +1 shortbow
rCold   . . .        (shield currently unavailable)
rNeg    + . .        f - +1 ring mail
rPois   .            q - +0 helmet
rElec   .            (no cloak)
rCorr   .            h - +1 pair of gloves
SInv    .            (no boots)
Will    +....        (no amulet)
Stlth   +            g - ring of willpower
HPRegen 0.26/turn    m - ring of positive energy
MPRegen 0.11/turn

%: no passive effects
@: about to teleport
A: no striking features
a: no special abilities


You were on level 6 of the Dungeon.
You visited 2 branches of the dungeon, and saw 7 of its levels.
You also visited: Sewer.

You collected 256 gold pieces.


   Skills:
 + Level 2.4 Fighting
 - Level 12.1 Ranged Weapons
 - Level 1.0 Armour
 - Level 3.4 Dodging
 - Level 1.2 Stealth


You had 6 spell levels left.
You didn't know any spells.
Your spell library was empty.

Inventory:

Hand Weapons
 Y - a +1 shortbow (weapon)
Armour
 f - a +1 ring mail (worn)
 h - a +1 pair of gloves (worn)
 q - a +0 helmet (worn)
Jewellery
 g - a ring of willpower (left hand)
 m - a ring of positive energy (right hand)
Scrolls
 c - 2 scrolls of identify
 k - a scroll of teleportation
Potions
 a - 2 potions of mutation
 b - 2 potions of haste
 d - 4 potions of curing
 e - a potion of resistance
 l - a potion of enlightenment

Dungeon Overview and Level Annotations

Branches:
Dungeon (6/15)             Temple (1/1) D:5           Sewer (visited)

Altars:
Ashenzari
Dithmenos
Elyvilon
Gozag
Kikubaaqudgha
Makhleb
Nemelex Xobeh
Qazlal
Ru
Trog
Uskayaw
Vehumet
Wu Jian
Yredelemnul
Zin
The Shining One

Shops:
D:2 !   D:3 :   D:5 [


Message History

The arrow hits the orc wizard but does no damage.
The orc wizard is lightly wounded.
The orc wizard barely misses you. The white imp gestures at you.
The puff of frost hits you!
You shoot an arrow. The arrow hits the orc wizard.
The orc wizard is lightly wounded.
The orc wizard hits you but does no damage.
The white imp misses you.
You shoot an arrow. The arrow hits the orc wizard!
The orc wizard is severely wounded.
The orc wizard hits you but does no damage.
The white imp closely misses you.
You shoot an arrow. The arrow barely misses the orc wizard.
The orc wizard hits you with a +0 dagger.
The white imp gestures at you. The puff of frost hits you!
4428 ||| READING 2 scrolls of teleportation.
As you read the scroll of teleportation, it crumbles to dust.
You feel strangely unstable.
The orc wizard hits you but does no damage.
The white imp gestures at you. The puff of frost hits you!
You shoot an arrow.
The arrow completely misses the orc wizard.
The orc wizard mumbles some strange words.
The orc wizard flickers and vanishes!
Deactivating autopickup; reactivate with Ctrl-A.
The white imp misses you.
You shoot an arrow.
The arrow hits the white imp but does no damage.
Something hits you but does no damage.
The white imp hits you but does no damage.
You shoot an arrow. The arrow hits the white imp.
The white imp is heavily wounded.
Something hits you but does no damage.
The white imp hits you but does no damage.
You shoot an arrow. The arrow barely misses the white imp.
Something hits you.
You die...

#............#########
##.####+#.###..........
..........# #..........
(.....#.#.# #........>.
..5#..#.#.# #..........
....o.#.#.# #........%.
. #.....)# #..........
....####{#####..........
#..5@....##..........
....)####...# .........
..# ...# ......... ...#
......... $..# .........
...# +######## ...#


You could see a white imp.

Vanquished Creatures
  3 ogres
  2 bullfrogs (Sewer)
  A howler monkey (D:5)
  An orc priest (D:3)
  2 orc wizards (D:5)
  Ijyb (D:5)
  An iguana (D:5)
  A sleepcap (D:5)
  11 adders
  14 gnolls
  2 ufetubi
  A worm (D:5)
  17 orcs
  6 bats
  11 endoplasms
  6 giant cockroaches
  10 goblins
  13 hobgoblins
  5 jackals (D:4)
  9 quokkas
  22 ball pythons
  12 frilled lizards
  5 kobolds
  7 rats
163 creatures vanquished.

Notes
Turn   | Place    | Note
-------+----------+-------------------------------------------
     0 | D:1      | qw the Deep Elf Hunter began the quest for the Orb.
     0 | D:1      | Reached XP level 1. HP: 12/12 MP: 3/3
     0 | D:1      | 0 ||| qw: Version: 0.3-a-9-g12657ce
     0 | D:1      | 0 ||| qw: Game counter: 2687
     0 | D:1      | 0 ||| qw: Always use a shield: true
     0 | D:1      | 0 ||| qw: God list: Okawaru
     0 | D:1      | 0 ||| qw: Allow faded altars: false
     0 | D:1      | 0 ||| qw: Do Orc after D:15 true
     0 | D:1      | 0 ||| qw: Do second Lair branch before Depths: true
     0 | D:1      | 0 ||| qw: Lair rune preference: random
     0 | D:1      | 0 ||| qw: Plans: Normal
     0 | D:1      | 0 ||| PLANNING D:1-11
   225 | D:1      | Reached XP level 2. HP: 16/16 MP: 4/4
   233 | D:1      | Reached skill level 6 in Ranged Weapons
   342 | D:1      | Reached XP level 3. HP: 12/20 MP: 5/5
   667 | D:1      | 667 ||| UPGRADING to +0 ring mail.
   677 | D:1      | 677 ||| DROPPING +0 leather armour.
   678 | D:1      | 678 ||| READING scroll labelled OSSYSI XO VUILL.
   679 | D:1      | 679 ||| READING scroll labelled VUIHUPNO XEWK.
   680 | D:1      | 680 ||| DRINKING 2 viscous golden potions.
   681 | D:1      | 681 ||| DROPPING scroll of butterflies.
   706 | D:2      | 706 ||| STAIRDANCE
   737 | D:2      | 737 ||| READING scroll of enchant armour.
   737 | D:2      | 737 ||| ENCHANTING +0 ring mail.
   833 | D:2      | 833 ||| Stepping ~*~*~tactically~*~*~ (outnumbered).
   838 | D:2      | Reached skill level 7 in Ranged Weapons
   904 | D:2      | Found Ugakhlogi's Distillery.
   919 | D:2      | 919 ||| SHOPLISTING potion of curing (39 gold, have 37).
   919 | D:2      | 919 ||| SHOPLISTING potion of mutation (104 gold, have 37).
  1160 | D:2      | Reached XP level 4. HP: 25/25 MP: 6/6
  1315 | D:2      | 1315 ||| UPGRADING to +0 pair of gloves.
  1320 | D:2      | 1320 ||| UPGRADING to ring of willpower.
  1321 | D:2      | 1321 ||| READING scroll labelled SAIRUQ BEORPHAXT.
  1322 | D:2      | 1322 ||| READING scroll labelled BAJUOTR AVIEQO.
  1346 | D:3      | 1346 ||| STAIRDANCE
  1493 | D:3      | 1493 ||| Stepping ~*~*~tactically~*~*~ (outnumbered).
  1495 | D:3      | 1495 ||| Stepping ~*~*~tactically~*~*~ (outnumbered).
  1499 | D:3      | Reached skill level 8 in Ranged Weapons
  1636 | D:3      | Found Palasav's Book Boutique.
  1976 | D:3      | 1976 ||| UPGRADING to ring of positive energy.
  1977 | D:3      | 1977 ||| READING 2 scrolls labelled UPPANU SIALOU.
  1978 | D:3      | 1978 ||| READING scroll labelled BOADUF TOYM.
  1980 | D:3      | 1980 ||| Stepping ~*~*~tactically~*~*~ (cloud).
  1987 | D:3      | HP: 6/25 [poisoned by you (poison gas)]
  2109 | D:4      | 2109 ||| PLANNING SEWER
  2111 | D:4      | 2111 ||| STAIRDANCE
  2115 | D:3      | Reached XP level 5. HP: 22/29 MP: 7/7
  2333 | D:4      | Reached skill level 9 in Ranged Weapons
  2347 | D:4      | 2347 ||| Stepping ~*~*~tactically~*~*~ (outnumbered).
  2350 | D:4      | 2350 ||| Stepping ~*~*~tactically~*~*~ (outnumbered).
  2714 | D:4      | Found a glowing drain.
  2715 | D:4      | 2715 ||| UPGRADING to +0 helmet.
  2720 | D:4      | 2720 ||| READING scroll labelled GISTRE SAMP.
  2721 | D:4      | 2721 ||| READING scroll labelled COHIPT NOYTA.
  2722 | D:4      | 2722 ||| DRINKING 2 inky potions.
  2723 | D:4      | 2723 ||| DRINKING 3 potions of curing.
  2723 | D:4      | 2723 ||| (to cure confusion)
  2724 | D:4      | 2724 ||| DRINKING 2 dark potions.
  2725 | D:4      | 2725 ||| READING 4 scrolls of identify.
  2725 | D:4      | 2725 ||| IDENTIFYING emerald potion
  2726 | D:4      | 2726 ||| READING 3 scrolls of identify.
  2726 | D:4      | 2726 ||| IDENTIFYING gluggy blue potion
  2727 | D:4      | 2727 ||| READING 2 scrolls of identify.
  2727 | D:4      | 2727 ||| IDENTIFYING fizzy blue potion
  2728 | D:4      | 2728 ||| DROPPING potion of ambrosia.
  2734 | Sewer    | Entered a sewer
  2758 | Sewer    | 2758 ||| Stepping ~*~*~tactically~*~*~ (water).
  2760 | Sewer    | 2760 ||| Stepping ~*~*~tactically~*~*~ (water).
  2763 | Sewer    | Reached XP level 6. HP: 35/35 MP: 8/8
  2771 | Sewer    | 2771 ||| Stepping ~*~*~tactically~*~*~ (water).
  2773 | Sewer    | 2773 ||| Stepping ~*~*~tactically~*~*~ (water).
  2778 | Sewer    | 2778 ||| Stepping ~*~*~tactically~*~*~ (water).
  2805 | Sewer    | 2805 ||| Stepping ~*~*~tactically~*~*~ (water).
  2828 | Sewer    | 2828 ||| Stepping ~*~*~tactically~*~*~ (water).
  2836 | Sewer    | 2836 ||| Stepping ~*~*~tactically~*~*~ (water).
  2856 | Sewer    | Reached skill level 1 in Armour
  2865 | Sewer    | 2865 ||| Stepping ~*~*~tactically~*~*~ (water).
  2879 | Sewer    | 2879 ||| Stepping ~*~*~tactically~*~*~ (water).
  2928 | Sewer    | 2928 ||| Stepping ~*~*~tactically~*~*~ (water).
  2930 | Sewer    | 2930 ||| Stepping ~*~*~tactically~*~*~ (water).
  2938 | Sewer    | 2938 ||| Stepping ~*~*~tactically~*~*~ (water).
  2961 | Sewer    | 2961 ||| Stepping ~*~*~tactically~*~*~ (water).
  2991 | Sewer    | 2991 ||| Stepping ~*~*~tactically~*~*~ (water).
  2995 | Sewer    | 2995 ||| Stepping ~*~*~tactically~*~*~ (water).
  3006 | Sewer    | Reached skill level 10 in Ranged Weapons
  3012 | Sewer    | Reached skill level 3 in Dodging
  3048 | Sewer    | 3048 ||| READING scroll labelled PASY JYH VIL.
  3049 | Sewer    | 3049 ||| READING 2 scrolls of identify.
  3049 | Sewer    | 3049 ||| IDENTIFYING lumpy grey potion
  3064 | D:4      | 3064 ||| PLANNING D:1-11
  3161 | D:4      | Reached XP level 7. HP: 24/40 MP: 9/9
  3298 | D:5      | Entered Level 5 of the Dungeon
  3308 | D:5      | Noticed Ijyb
  3332 | D:5      | HP: 10/40 [Ijyb/+7 club (8)]
  3333 | D:5      | 3333 ||| READING 2 scrolls of teleportation.
  3334 | D:5      | 3334 ||| DRINKING potion of heal wounds.
  3348 | D:5      | Killed Ijyb
  3490 | D:5      | Reached skill level 11 in Ranged Weapons
  3555 | D:5      | 3555 ||| Stepping ~*~*~tactically~*~*~ (outnumbered).
  3557 | D:5      | 3557 ||| Stepping ~*~*~tactically~*~*~ (outnumbered).
  3626 | D:5      | 3626 ||| READING scroll of enchant armour.
  3626 | D:5      | 3626 ||| ENCHANTING +0 pair of gloves.
  3712 | D:5      | Reached skill level 12 in Ranged Weapons
  3722 | D:5      | Found Megy's Armour Shop.
  3774 | D:5      | Found a staircase to the Ecumenical Temple.
  3775 | D:5      | 3775 ||| PLANNING TEMPLE
  3775 | D:5      | 3775 ||| DRINKING 2 lumpy yellow potions.
  3817 | D:5      | 3817 ||| DROPPING potion of lignification.
  3823 | Temple   | Entered the Ecumenical Temple
  3981 | Temple   | 3981 ||| PLANNING D:1-11
  4415 | D:6      | 4415 ||| Stepping ~*~*~tactically~*~*~ (outnumbered).
  4427 | D:6      | HP: 10/40 [white imp/puff of frost (11)]
  4428 | D:6      | 4428 ||| READING 2 scrolls of teleportation.
  4428 | D:6      | HP: 2/40 [white imp/puff of frost (8)]
  4432 | D:6      | Slain by an orc wizard

Levels and vault maps discovered:
D:1:      ncdulo_watergridlock, layout_basic
D:2:      layout_loops_cross, serial_shops, nicolae_shop_tiny_statue_garden
D:3:      cheibrodos_old_hovel, layout_basic, serial_shops,
          nicolae_shop_just_a_little_nook, feat_on_display
D:4:      layout_basic, gup_sewer_entry_bubbles, hex_tiny
D:5:      layout_basic, minmay_temple_entry_statues, serial_shops, shop,
          uniq_ijyb
D:6:      layout_basic
Temple:   regret_index_temple_sphere_string

Skill      XL: |  1  2  3  4  5  6  7 |
---------------+----------------------+-----
Ranged Weapons | 6 7 8 9 10 12 | 12.1
Fighting       | 2 |  2.4
Armour         | 1 |  1.0
Dodging        | 3 |  3.4
Stealth        | |  1.2

Action                     |  1- 3 |  4- 6 |  7- 9 || total
---------------------------+-------+-------+-------++-------
   Fire: Shortbow          |    84 |   239 |   139 ||   462
    Use: Scroll            |     3 |    11 |     3 ||    17
         Potion            |     1 |     3 |     2 ||     6
 Armour: Leather armour    |     7 |       |       ||     7
         Ring mail         |     2 |    42 |    25 ||    69
  Dodge: Dodged            |    19 |    66 |    14 ||    99

Table legend:
 A = Non-vault XP
 B = Vault XP
 C = Vault XP percentage of total XP
 D = Non-vault monster count
 E = Vault monster count
 F = Vault count percentage of total count
                 A         B        C        D         E       F
            +---------+---------+-------+---------+---------+-------
      Total |    1034 |     345 |  25.0 |     114 |      49 |  30.1
            +---------+---------+-------+---------+---------+-------
        D:1 |      48 |       0 |   0.0 |      21 |       0 |   0.0
        D:2 |      51 |       0 |   0.0 |      22 |       0 |   0.0
        D:3 |     136 |       2 |   1.4 |      24 |       1 |   4.0
        D:4 |     247 |       9 |   3.5 |      19 |       6 |  24.0
        D:5 |     519 |      36 |   6.5 |      22 |       1 |   4.3
        D:6 |      33 |       0 |   0.0 |       6 |       0 |   0.0
      Sewer |       0 |     298 | 100.0 |       0 |      41 | 100.0
            +---------+---------+-------+---------+---------+-------
